 Dungeon Crawl Stone Soup version 0.30-a0-137-gd8773701ce (webtiles) character file.

Game seed: 6437290780973011720

4 ragingrage the Charlatan (level 1, 0/13 HPs)
             Began as a Gnoll Wanderer on Sept 23, 2022.
             Slain by a goblin
             ... wielding a +0 club
              (4 damage)
             ... on level 1 of the Dungeon.
             The game lasted 00:00:18 (79 turns).

ragingrage the Charlatan (Gnoll Wanderer)             Turns: 79, Time: 00:00:19

Health: 0/13       AC:  3    Str:  9    XL:     1   Next: 60%
Magic:  0/4        EV: 11    Int: 10    God:
Gold:   0          SH:  0    Dex: 14    Spells: 4/5 levels left

rFire   . . .      SeeInvis .    a - +0 spear
rCold   . . .      Faith    .    (no shield)
rNeg    . . .      Spirit   .    d - +0 robe
rPois   .          Reflect  .    (no helmet)
rElec   .          Harm     .    (no cloak)
rCorr   .          Rampage  .    b - +0 pair of gloves
Will    .....                    (no boots)
Stlth   +++.......               (no amulet)
HPRegen 0.04/turn                (no ring)
MPRegen 0.09/turn                (no ring)

@: very slightly contaminated
A: fangs 1, strong nose, distributed training
a: no special abilities


You were on level 1 of the Dungeon.
You visited 1 branch of the dungeon, and saw 1 of its levels.

Inventory:

Hand Weapons
 a - a +0 spear (weapon)
Armour
 b - a +0 pair of gloves (worn)
 d - a +0 robe (worn)
Potions
 c - a potion of lignification


   Skills:
 + Level 0.1 Fighting
 + Level 0.1 Short Blades
 + Level 0.1 Long Blades
 + Level 0.1 Axes
 + Level 0.1 Maces & Flails
 + Level 4.4 Polearms
 + Level 0.1 Staves
 + Level 0.1 Ranged Weapons
 + Level 2.4 Throwing
 + Level 0.1 Armour
 + Level 0.1 Dodging
 + Level 4.0 Stealth
 + Level 0.1 Shields
 + Level 0.1 Unarmed Combat
 + Level 2.6 Spellcasting
 + Level 0.1 Conjurations
 + Level 0.1 Hexes
 + Level 0.1 Summonings
 + Level 0.1 Necromancy
 + Level 0.1 Translocations
 + Level 0.1 Transmutations
 + Level 0.1 Fire Magic
 + Level 0.1 Ice Magic
 + Level 3.6 Air Magic
 + Level 0.1 Earth Magic
 + Level 0.1 Poison Magic
 + Level 0.2 Invocations
 + Level 4.4 Evocations


You had 4 spell levels left.
You knew the following spells:

 Your Spells              Type           Power      Damage    Failure   Level
a - Shock                 Conj/Air       20%        1d4       14%         1

Your spell library contained the following spells:

 Spells                   Type           Power      Damage    Failure   Level
 Cigotuvi's Dreadful Rot  Necr/Pois/Air  6%         N/A       26%         2
 Kindle Blastsparks       Fire/Tloc/Air  6%         2d10      45%         3


Dungeon Overview and Level Annotations

Branches:
Dungeon (1/15)

Altars:


Innate Abilities, Weirdness & Mutations

You have very sharp teeth.
Your uncanny sense of smell can sniff out nearby items.
Your experience applies equally to all skills.


Message History

Okay, then.
A goblin is nearby!
You are too injured to fight recklessly!
You are too injured to fight recklessly!
Aiming: Shock (safe; 14% risk of failure)
Press: ? - help, Q - select action Shift-Dir - straight line, f - goblin
Aim: a goblin, wielding a +0 club (55% to hit)
The zap misses the goblin.
Aiming: Shock (safe; 14% risk of failure)
Press: ? - help, Q - select action Shift-Dir - straight line, f - you That beam is likely to hit you.
Continue anyway? [Y]es or [N]o only, please.
That beam is likely to hit you.
Continue anyway? [Y]es or [N]o only, please.
That beam is likely to hit you.
Continue anyway? [Y]es or [N]o only, please.
That beam is likely to hit you.
Continue anyway? [Y]es or [N]o only, please.
That beam is likely to hit you.
Continue anyway?
Okay, then.
You start resting.
A goblin is nearby!
Aiming: Shock (safe; 14% risk of failure)
Press: ? - help, Q - select action Shift-Dir - straight line You miscast Shock.
You are very lightly contaminated with residual magic.
Nothing appears to happen.
Aiming: Shock (safe; 14% risk of failure)
Press: ? - help, Q - select action Shift-Dir - straight line The zap misses the goblin.
Aiming: Shock (safe; 14% risk of failure)
Press: ? - help, Q - select action Shift-Dir - straight line The zap hits the goblin.
The goblin is moderately wounded.
The goblin hits you with a +0 club.
You don't have enough magic to cast this spell.
The goblin hits you but does no damage.
You don't have enough magic to cast this spell.
The goblin hits you with a +0 club.
You die...

#...........#
#.#.....#..# ##.
.......g..# .
###..
#.#.#.#.#..# ..
#...#
#..........#
..##...##
#####).....#
#.......#
####.######
#......# #.g..#
#..†.# ###@####
#....# #...#
##.#.######...#
#.#........†.#
#.#.######...#
#.#.# #...# #.#..
##.## #.##. #.#
#####.#####8###.#


You could see a goblin.

Vanquished Creatures
  A goblin (D:1)
  A bat (D:1)
  3 rats (D:1)
5 creatures vanquished.

Notes
Turn   | Place    | Note
-------+----------+-------------------------------------------
     0 | D:1      | ragingrage the Gnoll Wanderer began the quest for the Orb.
     0 | D:1      | ragingrage set off with the following items: a +0 spear, a
                  | +0 pair of gloves, a potion of lignification, a +0 robe;
                  | and the following spell memorised: Shock; and the following
                  | spells available to memorise: Cigotuvi's Dreadful Rot,
                  | Kindle Blastsparks.
     0 | D:1      | Reached XP level 1. HP: 13/13 MP: 4/4
    79 | D:1      | Slain by a goblin

Illustrated notes

Levels and vault maps discovered:
D:1:      lemuel_arrival_cross, layout_rooms, hellmonk_ecumenical_altar_blasted,
          reono_crystal_passage, nicolae_kite_square_tiling_tiny, st_stairs_2

Action                   || total
-------------------------++-------
Melee: Spear             ||    10
 Cast: Shock             ||     3
 Stab: Sleeping          ||     3
Armor: Robe              ||     1
Dodge: Dodged            ||     2

Table legend: (Time is in decaauts)
 A = Elapsed time spent in this place.
 B = Non-inter-level travel time spent in this place.
 C = Inter-level travel time spent in this place.
 D = Time resting spent in this place.
 E = Time spent auto-exploring this place.
 F = Levels seen in this place.
 G = Mean time per level.
                   A        B        C        D        E       F      G
               +--------+--------+--------+--------+--------+-----+--------+
         Total |     77 |     77 |      0 |      3 |     30 |   1 |   77.0 |
       Dungeon |     77 |     77 |      0 |      3 |     30 |   1 |   77.0 |
               +--------+--------+--------+--------+--------+-----+--------+

Top non-repeatable levels by time:
     D:1: 77 daAuts
